 Dungeon Crawl Stone Soup version 0.31-a0-836-g3ceb0a68c4 (webtiles) character file.

Game seed: 11192258512358516786

297 Kurtz the Chopper (level 6, 0/43 HPs)
             Began as an Octopode Fighter on Sept 27, 2023.
             Slain by an orc
             ... wielding a +0 hand axe
              (1 damage)
             ... on level 3 of the Dungeon.
             The game lasted 00:01:38 (1991 turns).

Kurtz the Chopper (Octopode Fighter)                Turns: 1991, Time: 00:01:39

Health: 0/43       AC:  1    Str: 17    XL:     6   Next: 35%
Magic:  6/6        EV: 13    Int: 11    God:
Gold:   105        SH:  9    Dex: 11    Spells: 5/5 levels left

rFire   + . .        a - +0 war axe
rCold   + . .        b - +0 buckler
rNeg    . . .        (helmet restricted)
rPois   +            p - amulet of reflection
rElec   +            (no ring)
rCorr   +            (no ring)
SInv    .            (no ring)
Will    +....        (no ring)
Stlth   ++           (no ring)
HPRegen 0.27/turn    (no ring)
MPRegen 0.10/turn    (no ring)
                     (no ring)

%: reflection
@: mighty, resistant, enlightened, flying
A: almost no armour, amphibious, 8 rings, camouflage 1, gelatinous body 1,
(nimble swimmer 1), tentacles
a: no special abilities


You were on level 3 of the Dungeon.
You visited 1 branch of the dungeon, and saw 3 of its levels.

You collected 105 gold pieces.

Inventory:

Hand Weapons
 a - a +0 war axe (weapon)
Armour
 b - a +0 buckler (worn)
Jewellery
 o - an amulet of magic regeneration
 p - an amulet of reflection (around mantle)
 r - a ring of ice
Scrolls
 e - 5 scrolls of identify {unknown}
 g - 3 scrolls of noise {unknown}
 j - a scroll of acquirement {unknown}
 m - 2 scrolls of teleportation {unknown}
 q - a scroll of fear {unknown}
 s - a scroll of amnesia {unknown}
Potions
 h - a potion of brilliance {unknown}
 i - a potion of haste {unknown}
 k - a potion of curing {unknown}
 l - a potion of invisibility {unknown}
 n - a potion of cancellation {unknown}


   Skills:
 + Level 3.7 Fighting
 * Level 5.7 Axes
 - Level 3.0 Dodging
 + Level 3.6 Shields


You had 5 spell levels left.
You didn't know any spells.
Your spell library was empty.

Dungeon Overview and Level Annotations

Branches:
Dungeon (3/15)

Altars:

Shops:
D:1 (


Innate Abilities, Weirdness & Mutations

You cannot wear most types of armour.
You are amphibious.
You can wear up to eight rings at the same time.
Your skin changes colour to match your surroundings (Stealth+).
Your rubbery body absorbs attacks. (AC +1, EV +1)
((You are camouflaged when in or above water. (Stealth+)))
You have tentacles for arms and can constrict up to eight enemies at once.


Message History

The bat barely misses you. The bat closely misses you.
Unknown command.
You closely miss the orc. You grab the orc. You tentacle-slap the orc.
You kill the orc!
You block the bat's attack.
You miss the orc wizard. Your grab misses the orc wizard.
The orc wizard is lightly wounded.
You block the bat's attack. The orc wizard closely misses you.
The orc wizard casts a spell.
The orc wizard flickers and vanishes!
Deactivating autopickup; reactivate with Ctrl-A.
Unknown command.
You feel very mighty all of a sudden. You block the bat's attack.
The orc wizard casts a spell at you. The puff of flame hits you!
Something hits you.
* * * LOW HITPOINT WARNING * * *
Things that are here:
a +0 flail; 3 boomerangs You closely miss the orc wizard.
Your grab misses the orc wizard. You miss something.
You block the bat's attack. x2
The orc wizard hits you with a +0 dagger.
* * * LOW HITPOINT WARNING * * *
Something hits you but does no damage.
Unknown command.
It was a potion of enlightenment.
You feel very buoyant.
You fly up into the air.
The bat hits you.
* * * LOW HITPOINT WARNING * * *
The orc wizard closely misses you. Something hits you.
* * * LOW HITPOINT WARNING * * *
It was a potion of resistance.
You feel protected. You block the bat's attack.
The orc wizard hits you with a +0 dagger.
* * * LOW HITPOINT WARNING * * *
Something hits you.
* * * LOW HITPOINT WARNING * * *
The orc hits you with a +0 hand axe.
You die...

######## ........
.######.#######
..............#
.......... ...#
..######.# #..# ..####
# #..# .....# .#
#..#######.#
..##.###.###..b.@o....#
...<........†..{#o....#
.......#.###.#†.......#
.............#........#
#.##.#######.#........#
..##.# #.#...##.###
#.##†#######.#...# .#
.....†.†..†..#...# .#
...####.####........


You could see an orc wizard, an orc and a bat.

Vanquished Creatures
  Grinder (D:3)
  2 adders (D:3)
  2 worms
  4 dart slugs (D:1)
  An orc (D:3)
  6 ball pythons
  2 endoplasms (D:2)
  15 giant cockroaches
  8 goblins
  6 hobgoblins
  3 quokkas
  6 bats
  A frilled lizard (D:1)
  4 kobolds
  7 rats
68 creatures vanquished.

Notes
Turn   | Place    | Note
-------+----------+-------------------------------------------
     0 | D:1      | Kurtz the Octopode Fighter began the quest for the Orb.
     0 | D:1      | Reached XP level 1. HP: 16/16 MP: 1/1
    70 | D:1      | Reached XP level 2. HP: 21/21 MP: 2/2
   159 | D:1      | Found Derchiso's Weapon Boutique.
   321 | D:1      | Reached XP level 3. HP: 26/26 MP: 3/3
   595 | D:1      | Reached skill level 3 in Axes
  1028 | D:2      | Reached XP level 4. HP: 31/31 MP: 4/4
  1209 | D:2      | Found a faded altar of an unknown god.
  1839 | D:3      | Noticed Grinder
  1856 | D:3      | Paralysed by Grinder for 3 turns
  1917 | D:3      | Killed Grinder
  1918 | D:3      | Reached skill level 5 in Axes
  1918 | D:3      | Reached XP level 5. HP: 37/37 MP: 5/5
  1918 | D:3      | Reached XP level 6. HP: 43/43 MP: 6/6
  1991 | D:3      | HP: 2/43 [orc wizard/+0 dagger (5)]
  1991 | D:3      | Slain by an orc

Illustrated notes

Levels and vault maps discovered:
D:1:      dpeg_arrival_simpleton_a, layout_loops_cross, serial_shops, shop,
          st_stairs_12
D:2:      layout_loops_ring, shapermc_ecumenical_altar_totnotflames
D:3:      minmay_roachtagon, layout_loops_ring, lemuel_zombie_altar_yredelemnul,
          old_standard_altar, minivault_24, uniq_robin, uniq_grinder

Skill      XL: |  1  2  3  4 |
---------------+-------------+-----
Axes           | 3 5 |  5.7
Fighting       | |  3.7
Dodging        | |  3.0
Shields        | |  3.6

Action                     |  1- 3 |  4- 6 || total
---------------------------+-------+-------++-------
  Melee: War axe           |    73 |    51 ||   124
         Tentacles         |     9 |     9 ||    18
         Constrict         |    12 |    18 ||    30
         Punch             |       |     3 ||     3
    Use: Potion            |       |     3 ||     3
   Stab: Sleeping          |    13 |     2 ||    15
 Armour: Skin              |    20 |    26 ||    46
  Dodge: Dodged            |    38 |    31 ||    69
  Block: Buckler           |    10 |    25 ||    35

Table legend: (Time is in decaauts)
 A = Elapsed time spent in this place.
 B = Non-inter-level travel time spent in this place.
 C = Inter-level travel time spent in this place.
 D = Time resting spent in this place.
 E = Time spent auto-exploring this place.
 F = Levels seen in this place.
 G = Mean time per level.
                   A        B        C        D        E       F      G
               +--------+--------+--------+--------+--------+-----+--------+
         Total |   2036 |   1930 |    106 |     43 |   1442 |   3 |  678.7 |
       Dungeon |   2036 |   1930 |    106 |     43 |   1442 |   3 |  678.7 |
               +--------+--------+--------+--------+--------+-----+--------+

Top non-repeatable levels by time:
     D:1: 782 daAuts
     D:2: 752 daAuts
     D:3: 501 daAuts
